 Dungeon Crawl Stone Soup version 0.28-a0-909-g796cbd3a86 (webtiles) character file.

Game seed: 2030764550147946497

98 croobank the Insei (level 4, 0/28 HPs)
             Began as an Octopode Transmuter on Nov 24, 2021.
             Slain by a hobgoblin (6 damage)
             ... led by Robin
             ... on level 3 of the Dungeon.
             The game lasted 00:08:57 (2681 turns).

croobank the Insei (Octopode Transmuter)            Turns: 2681, Time: 00:08:58

Health: 0/28       AC:  1    Str: 10    XL:     4   Next: 69%
Magic:  8/8        EV: 13    Int: 15    God:
Gold:   152        SH:  0    Dex: 12    Spells: 4/8 levels left

rFire   . . .      SeeInvis .   m - +4 dagger
rCold   . . .      Faith    .   (no shield)
rNeg    . . .      Spirit   .   (helmet restricted)
rPois   .          Reflect  .   (no amulet)
rElec   .          Harm     .   (no ring)
rCorr   .          Rampage  .   (no ring)
Will    .....                   (no ring)
Stlth   ++........              (no ring)
HPRegen 0.09/turn               (no ring)
MPRegen 0.11/turn               (no ring)
                                (no ring)
                                (no ring)

@: no status effects
A: almost no armour, amphibious, 8 rings, camouflage 1, gelatinous body 1,
(nimble swimmer 1), tentacles, tentacle spike 1, wild magic 1
a: no special abilities


You were on level 3 of the Dungeon.
You visited 1 branch of the dungeon, and saw 3 of its levels.

You collected 152 gold pieces.

Inventory:

Hand Weapons
 a - a +0 short sword
 b - a +0 hunting sling
 d - a +0 dagger
 l - a +0 dagger of speed
 m - a +4 dagger (weapon)
Missiles
 h - 16 stones
Magical Staves
 e - a staff of earth
Scrolls
 i - a scroll of magic mapping {unknown}
 j - a scroll of enchant weapon {unknown}
Potions
 g - a potion of haste {unknown}
 k - 2 potions of attraction


   Skills:
 + Level 1.1 Fighting
 + Level 1.6 Short Blades
 + Level 2.3 Dodging
 + Level 0.8 Stealth
 + Level 3.4 Unarmed Combat
 + Level 2.7 Spellcasting
 + Level 2.8 Transmutations


You had 4 spell levels left.
You knew the following spells:

 Your Spells              Type           Power      Damage    Failure   Level
a - Beastly Appendage     Tmut           26%        N/A       11%         1
b - Pain                  Necr           8%         1d4       28%         1
c - Wereblood             Tmut           13%        N/A       14%         2

Your spell library contained the following spells:

 Spells                   Type           Power      Damage    Failure   Level
 Spider Form              Tmut/Pois      8%         N/A       43%         3
 Ice Form                 Ice/Tmut       8%         N/A       82%         4
 Agony                    Necr           2%         N/A       100%        5
 Excruciating Wounds      Necr           1%         N/A       100%        5


Dungeon Overview and Level Annotations

Branches:
Dungeon (3/15)

Altars:
Nemelex Xobeh


Innate Abilities, Weirdness & Mutations

You cannot wear most types of armour.
You are amphibious.
You can wear up to eight rings at the same time.
Your skin changes colour to match your surroundings (Stealth+).
Your rubbery body absorbs attacks. (AC +1, EV +1)
((You are camouflaged near water. (Stealth+)))
You have tentacles for arms and can constrict up to eight enemies at once.
One of your tentacles bears a spike.
Your spells are a little harder to cast, but a little more powerful.


Message History

You constrict Robin. Robin throws the goblin at you!
The goblin hits you with a +0 club. The goblin barely misses you.
You hit Robin but do no damage.
Robin is moderately wounded.
You constrict Robin.
Robin says, "My goblins will feast on your bones."
Robin closely misses you. The goblin closely misses you.
A goblin comes into view. It is wielding a +0 dagger.
The goblin misses you.
You barely miss Robin.
You pierce Robin, but do no damage.
Robin is heavily wounded.
You constrict Robin.
Robin struggles to escape constriction.
The goblin hits you with a +0 club! The goblin barely misses you.
You hit Robin but do no damage.
Robin is heavily wounded.
You constrict Robin. The goblin closely misses you.
Robin roars a battlecry!
The goblins go into a battle-frenzy!
You hit Robin.
Robin is almost dead.
You constrict Robin, but do no damage. The goblin hits you but does no damage.
A rat comes into view.
You hit Robin.
You kill Robin!
A bat comes into view.
The goblin barely misses you. The goblin closely misses you.
The bat moves out of view.
You hit the goblin.
You kill the goblin!
The hobgoblin hits you. The goblin hits you with a +0 dagger.
* * * LOW HITPOINT WARNING * * *
You barely miss the hobgoblin. You grab the hobgoblin.
You constrict the hobgoblin.
The hobgoblin hits you but does no damage.
The goblin misses you.
You hit the hobgoblin.
The hobgoblin is heavily wounded.
You constrict the hobgoblin. The hobgoblin barely misses you.
The hobgoblin hits you.
You die...

#. ...#.. ...... ..#
#..#.# #.# #..#.#
#.# #..#.# #.#
#..#.##### #<#
###g)#.....######.#
#gg@)...........#.#
#g#gg#####.####.#.##
..#...# #.# #....#
..r ##..# #.# #.....
##. ..## #.# #.....
# ...# #.# #.....
##### #.# #....# #.#
#..... ..# ######


You could see 2 hobgoblins, 4 goblins and a rat.

Vanquished Creatures
  Robin (D:3)
  2 adders (D:2)
  A worm (D:2)
  2 ball pythons (D:1)
  5 bats
  3 endoplasms
  3 giant cockroaches
  19 goblins
  7 hobgoblins (D:2)
  3 jackals (D:1)
  A quokka (D:3)
  3 frilled lizards
  6 kobolds
  3 rats (D:1)
59 creatures vanquished.

Notes
Turn   | Place    | Note
-------+----------+-------------------------------------------
     0 | D:1      | croobank the Octopode Transmuter began the quest for the
                  | Orb.
     0 | D:1      | Reached XP level 1. HP: 13/13 MP: 3/3
   119 | D:1      | Learned a level 1 spell: Pain
   689 | D:1      | Reached XP level 2. HP: 18/18 MP: 3/5
   721 | D:1      | Learned a level 2 spell: Wereblood
   979 | D:1      | Found a faded altar of an unknown god.
  1072 | D:1      | Reached XP level 3. HP: 18/23 MP: 4/6
  1930 | D:2      | Reached skill level 1 in Short Blades
  2088 | D:2      | Reached XP level 4. HP: 25/28 MP: 3/8
  2505 | D:3      | Gained mutation: Your spells are a little harder to cast,
                  | but a little more powerful. [potion of mutation]
  2505 | D:3      | Gained mutation: You are dopey. (Int -2) [potion of
                  | mutation]
  2505 | D:3      | Gained mutation: One of your tentacles bears a spike.
                  | [potion of mutation]
  2505 | D:3      | Lost mutation: You are dopey. (Int -2) [potion of mutation]
  2553 | D:3      | Found a sparkling altar of Nemelex Xobeh.
  2668 | D:3      | Noticed Robin
  2678 | D:3      | Killed Robin
  2681 | D:3      | Slain by a hobgoblin

Illustrated notes

Levels and vault maps discovered:
D:1:      dpeg_arrival_concentric_ovals, layout_basic,
          ebering_ecumenical_altar_webs
D:2:      cheibrodos_greedy_goblins, layout_loops_cross
D:3:      layout_loops_ring, mainiacjoe_overflow_cross_hatched, uniq_grinder,
          uniq_robin, uniq_natasha

Skill      XL: |  1  2  3 |
---------------+----------+-----
Short Blades   | 1 |  1.6
Fighting       | |  1.1
Dodging        | |  2.3
Stealth        | |  0.8
Unarmed Combat | |  3.4
Spellcasting   | |  2.7
Transmutations | |  2.8

Action                   |  1- 3 |  4- 6 || total
-------------------------+-------+-------++-------
Melee: Dagger            |     6 |    22 ||    28
       Tentacles         |    11 |     3 ||    14
       Unarmed           |     5 |       ||     5
       Constrict         |    21 |    10 ||    31
       Kick              |    19 |    10 ||    29
       Short sword       |    63 |    16 ||    79
       Punch             |     1 |       ||     1
 Cast: Beastly Appendage |    23 |     2 ||    25
       Wereblood         |     2 |       ||     2
       Pain              |     1 |       ||     1
  Use: Scroll            |       |     2 ||     2
       Potion            |       |     1 ||     1
 Stab: Sleeping          |     2 |     1 ||     3
Armor: Skin              |     9 |     3 ||    12
Dodge: Dodged            |    44 |    22 ||    66

Table legend: (Time is in decaauts)
 A = Elapsed time spent in this place.
 B = Non-inter-level travel time spent in this place.
 C = Inter-level travel time spent in this place.
 D = Time resting spent in this place.
 E = Time spent auto-exploring this place.
 F = Levels seen in this place.
 G = Mean time per level.
                   A        B        C        D        E       F      G
               +--------+--------+--------+--------+--------+-----+--------+
         Total |   2681 |   2605 |     76 |    466 |   1728 |   3 |  893.7 |
       Dungeon |   2681 |   2605 |     76 |    466 |   1728 |   3 |  893.7 |
               +--------+--------+--------+--------+--------+-----+--------+

Top non-repeatable levels by time:
     D:1: 1495 daAuts
     D:2: 1004 daAuts
     D:3: 181 daAuts
